 Dungeon Crawl Stone Soup version 0.30.1-9-gdf580d7c3d (webtiles) character file.

Game seed: 13770379936178618173

367 Kranky the Chiller (level 6, -7/44 HPs)
             Began as a Gnoll Wanderer on Oct 26, 2023.
             Mangled by an ogre
             ... wielding a +0 giant club
              (24 damage)
             ... on level 3 of the Dungeon.
             The game lasted 00:06:13 (2644 turns).

Kranky the Chiller (Gnoll Wanderer)                 Turns: 2644, Time: 00:06:14

Health: -7/44      AC: 11    Str: 16    XL:     6   Next: 69%
Magic:  8/14       EV: 11    Int: 11    God:
Gold:   159        SH:  4    Dex: 15    Spells: 14/15 levels left

rFire   . . .        x - +1 war axe (elec)
rCold   + . .        d - +0 buckler {AC+3}
rNeg    . . .        b - +0 ring mail
rPois   .            (no helmet)
rElec   .            p - +0 cloak
rCorr   .            (no gloves)
SInv    .            u - +0 pair of boots
Will    .....        (no amulet)
Stlth   +            l - ring of protection from cold
HPRegen 0.27/turn    e - +6 ring of dexterity
MPRegen 0.14/turn

%: no passive effects
@: no status effects
A: fangs 1, strong nose, distributed training
a: no special abilities


You were on level 3 of the Dungeon.
You visited 1 branch of the dungeon, and saw 3 of its levels.

You collected 159 gold pieces.

Inventory:

Hand Weapons
 a - a +0 mace
 x - a +1 war axe of electrocution (weapon)
Missiles
 w - a throwing net
Armour
 b - a +0 ring mail (worn)
 d - a +0 buckler of protection (worn)
 p - a +0 cloak (worn)
 u - a +0 pair of boots (worn)
Jewellery
 e - a +6 ring of dexterity (right hand)
 j - an amulet of the acrobat
 l - a ring of protection from cold (left hand)
 v - an amulet of magic regeneration
Scrolls
 c - a scroll of fog
 f - a scroll of vulnerability {unknown}
 h - 2 scrolls of immolation
 i - 3 scrolls of teleportation {unknown}
 k - 3 scrolls of enchant weapon {unknown}
 m - a scroll of poison {unknown}
 n - 2 scrolls of identify {unknown}
 s - a scroll of enchant armour {unknown}
 t - 2 scrolls of amnesia {unknown}
Potions
 g - a potion of might {unknown}
 o - a potion of curing {unknown}
 q - a potion of flight {unknown}
 r - a potion of mutation {unknown}


   Skills:
 + Level 2.1 Fighting
 + Level 2.1 Short Blades
 + Level 2.1 Long Blades
 + Level 2.1 Axes
 + Level 3.4 Maces & Flails
 + Level 2.1 Polearms
 + Level 2.1 Staves
 + Level 2.1 Ranged Weapons
 + Level 2.1 Throwing
 + Level 5.1 Armour
 + Level 2.1 Dodging
 + Level 2.1 Stealth
 + Level 2.1 Shields
 + Level 2.1 Unarmed Combat
 + Level 5.4 Spellcasting
 + Level 1.7 Conjurations
 + Level 1.7 Hexes
 + Level 1.7 Summonings
 + Level 1.7 Necromancy
 + Level 1.7 Translocations
 + Level 1.7 Transmutations
 + Level 1.7 Fire Magic
 + Level 7.3 Ice Magic
 + Level 1.7 Air Magic
 + Level 1.7 Earth Magic
 + Level 1.7 Poison Magic
 + Level 3.5 Invocations
 + Level 2.1 Evocations


You had 14 spell levels left.
You knew the following spells:

 Your Spells              Type           Power      Damage    Failure   Level
a - Freeze                Ice            76%        1d8       2%          1

Your spell library contained the following spells:

 Spells                   Type           Power      Damage    Failure   Level
 Frozen Ramparts          Ice            38%        1d6       7%          3
 Ozocubu's Armour         Ice            19%        N/A       7%          3


Dungeon Overview and Level Annotations

Branches:
Dungeon (3/15)

Altars:
Ashenzari
Dithmenos
Fedhas
Qazlal
Ru
Sif Muna

Annotations:
D:3 1 runed translucent door, rundlesten's ghost, weakling OpHW


Innate Abilities, Weirdness & Mutations

You have very sharp teeth.
Your uncanny sense of smell can sniff out nearby items.
Your experience applies equally to all skills.


Message History

You freeze the ogre.
The ogre is moderately wounded.
You block the ogre's attack.
Unknown command.
Casting: Freeze (safe; 2% risk of failure)
Confirm with . or Enter, or press ? or * to list all spells.
Aiming: Freeze (safe; 2% risk of failure)
Press: ? - help, Shift-Dir - straight line, f/p - ogre
Aim: an ogre, wielding a +0 giant club (moderately wounded)
You freeze the ogre!
The ogre is severely wounded.
The ogre closely misses you.
Unknown command.
Casting: Freeze (safe; 2% risk of failure)
Confirm with . or Enter, or press ? or * to list all spells.
Aiming: Freeze (safe; 2% risk of failure)
Press: ? - help, Shift-Dir - straight line, f/p - ogre
Aim: an ogre, wielding a +0 giant club (severely wounded)
You freeze the ogre.
The ogre is almost dead.
Unknown command.
Casting: Freeze (safe; 2% risk of failure)
Confirm with . or Enter, or press ? or * to list all spells.
Aiming: Freeze (safe; 2% risk of failure)
Press: ? - help, Shift-Dir - straight line, f/p - ogre
Aim: an ogre, wielding a +0 giant club (almost dead)
You freeze the ogre.
The ogre is almost dead.
The ogre barely misses you.
Unknown command.
Casting: Freeze (safe; 2% risk of failure)
Confirm with . or Enter, or press ? or * to list all spells.
Aiming: Freeze (safe; 2% risk of failure)
Press: ? - help, Shift-Dir - straight line, f/p - ogre
Aim: an ogre, wielding a +0 giant club (almost dead)
You freeze the ogre.
The ogre is almost dead.
The ogre hits you with a +0 giant club!!
Ouch! That really hurt!
You die...

#.#.~≈~....# ∆
#.#.~≈~....# ..#.~~~....#
..#.~≈~..P.#
###############.#.~≈~....#
..#..........(#.#.~≈~....#
..'..))...)...')#.~≈~....#
..#...........#O###≈~....#
''#############.@.#≈~P...#
..............#...#≈~....#
..~≈≈~~~~≈~~~~#####≈≈....#
.†~≈)≈≈≈≈≈≈≈≈)≈≈≈≈≈≈~....#
..)≈~~~)~~~~~~~~≈~~~~...P#
..).)..).................#
....######################
##### #########


You could see an ogre.

Vanquished Creatures
  2 howler monkeys (D:3)
  Crazy Yiuf (D:2)
  A hound (D:3)
  11 gnolls (D:3)
  2 adders (D:2)
  A worm (D:2)
  2 dart slugs (D:1)
  18 orcs (D:3)
  2 endoplasms (D:2)
  4 giant cockroaches
  3 goblins
  4 hobgoblins
  15 jackals
  5 ball pythons
  2 bats
  6 kobolds
  6 rats
85 creatures vanquished.

Notes
Turn   | Place    | Note
-------+----------+-------------------------------------------
     0 | D:1      | Kranky the Gnoll Wanderer began the quest for the Orb.
     0 | D:1      | Kranky set off with the following items: a +0 mace, a +0
                  | ring mail, a scroll of fog; and the following spell
                  | memorised: Freeze; and the following spells available to
                  | memorise: Frozen Ramparts, Ozocubu's Armour.
     0 | D:1      | Reached XP level 1. HP: 13/13 MP: 6/6
    41 | D:1      | You fall into a shaft and drop 1 floor!
   149 | D:1      | Reached XP level 2. HP: 19/19 MP: 7/7
   545 | D:2      | Found a shimmering blue altar of Sif Muna.
   622 | D:2      | Reached skill level 5 in Spellcasting
   622 | D:2      | Reached XP level 3. HP: 24/25 MP: 3/9
  1057 | D:2      | Found a runed translucent door.
  1058 | D:2      | Noticed Crazy Yiuf
  1325 | D:2      | Reached skill level 1 in Fighting
  1325 | D:2      | Reached skill level 1 in Short Blades
  1325 | D:2      | Reached skill level 1 in Long Blades
  1325 | D:2      | Reached skill level 1 in Axes
  1325 | D:2      | Reached skill level 1 in Polearms
  1325 | D:2      | Reached skill level 1 in Staves
  1325 | D:2      | Reached skill level 1 in Ranged Weapons
  1325 | D:2      | Reached skill level 1 in Throwing
  1325 | D:2      | Reached skill level 1 in Dodging
  1325 | D:2      | Reached skill level 1 in Stealth
  1325 | D:2      | Reached skill level 1 in Shields
  1325 | D:2      | Reached skill level 1 in Unarmed Combat
  1325 | D:2      | Reached skill level 1 in Evocations
  1455 | D:2      | Killed Crazy Yiuf
  1456 | D:2      | Reached XP level 4. HP: 12/32 MP: 4/11
  1562 | D:2      | Reached skill level 1 in Conjurations
  1562 | D:2      | Reached skill level 1 in Hexes
  1562 | D:2      | Reached skill level 1 in Summonings
  1562 | D:2      | Reached skill level 1 in Necromancy
  1562 | D:2      | Reached skill level 1 in Translocations
  1562 | D:2      | Reached skill level 1 in Transmutations
  1562 | D:2      | Reached skill level 1 in Fire Magic
  1562 | D:2      | Reached skill level 1 in Air Magic
  1562 | D:2      | Reached skill level 1 in Earth Magic
  1562 | D:2      | Reached skill level 1 in Poison Magic
  1627 | D:3      | Found a faded altar of an unknown god.
  1689 | D:3      | Found a blossoming altar of Fedhas.
  1880 | D:3      | Found a stormy altar of Qazlal.
  1881 | D:3      | Found a shadowy altar of Dithmenos.
  1881 | D:3      | Found a broken altar of Ashenzari.
  1919 | D:3      | Found a sacrificial altar of Ru.
  1931 | D:3      | Reached XP level 5. HP: 37/37 MP: 7/12
  2076 | D:3      | Found a shimmering blue altar of Sif Muna.
  2141 | D:3      | Found a runed translucent door.
  2141 | D:3      | Noticed rundlesten's ghost (weakling OpHW)
  2274 | D:3      | Reached XP level 6. HP: 41/44 MP: 14/14
  2408 | D:3      | Reached skill level 5 in Armour
  2644 | D:3      | Mangled by an ogre

Illustrated notes

Levels and vault maps discovered:
D:1:      saegor_arrival_simple_a, layout_basic
D:2:      layout_basic, basic_altar, uniq_crazy_yiuf_cottage
D:3:      lemuel_castle_with_subvaults [lemuel_castle_interior_carwin_1],
          layout_rooms, gammafunk_temple_overflow_claw,
          mainiacjoe_overflow_concentric_impassable, lemuel_tele_altar,
          kennysheep_orc_sif_temple, hellmonk_ecumenical_altar_blasted,
          ebering_ghost_sewer_d

Skill      XL: |  1  2  3  4  5  6 |
---------------+-------------------+-----
Spellcasting   | 5 |  5.4
Fighting       | 1 2 |  2.1
Short Blades   | 1 2 |  2.1
Long Blades    | 1 2 |  2.1
Axes           | 1 2 |  2.1
Polearms       | 1 2 |  2.1
Staves         | 1 2 |  2.1
Ranged Weapons | 1 2 |  2.1
Throwing       | 1 2 |  2.1
Dodging        | 1 2 |  2.1
Stealth        | 1 2 |  2.1
Shields        | 1 2 |  2.1
Unarmed Combat | 1 2 |  2.1
Evocations     | 1 2 |  2.1
Conjurations   | 1 |  1.7
Hexes          | 1 |  1.7
Summonings     | 1 |  1.7
Necromancy     | 1 |  1.7
Translocations | 1 |  1.7
Transmutations | 1 |  1.7
Fire Magic     | 1 |  1.7
Air Magic      | 1 |  1.7
Earth Magic    | 1 |  1.7
Poison Magic   | 1 |  1.7
Invocations    | 3 |  3.5
Maces & Flails | 3 |  3.4
Armour         | 5 |  5.1
Ice Magic      | |  7.3

Action                     |  1- 3 |  4- 6 || total
---------------------------+-------+-------++-------
  Melee: Mace              |    56 |   144 ||   200
         Punch             |     1 |       ||     1
         Bite              |     2 |    14 ||    16
         War axe           |       |    21 ||    21
   Cast: Freeze            |    20 |    41 ||    61
 Armour: Ring mail         |    33 |   152 ||   185
  Dodge: Dodged            |    48 |   133 ||   181
  Block: Buckler           |       |    39 ||    39
